 Dungeon Crawl Stone Soup version 0.29-a0-286-g41199d4a87 (webtiles) character file.

Game seed: 15824837820335530279

2093 Ajdolov the Fighter (level 9, -7/102 HPs)
             Began as an Ogre Fire Elementalist on Mar 16, 2022.
             Was an Initiate of Vehumet.
             Mangled by an orc warrior
             ... wielding a +0 long sword
              (9 damage)
             ... on level 7 of the Dungeon.
             The game lasted 00:17:48 (10611 turns).

Ajdolov the Fighter (Ogre Fire Elementalist)       Turns: 10611, Time: 00:17:49

Health: -7/102     AC:  4    Str: 14    XL:     9   Next: 27%
Magic:  0/22       EV:  9    Int: 20    God:    Vehumet [......]
Gold:   463        SH:  0    Dex:  9    Spells: 23/26 levels left

rFire   . . .      SeeInvis +   w - +2 whip (venom)
rCold   . . .      Faith    .   (no shield)
rNeg    . . .      Spirit   .   a - +0 robe
rPois   .          Reflect  .   C - +1 hat
rElec   .          Harm     .   (no cloak)
rCorr   .          Rampage  .   (gloves unavailable)
Will    .....                   (boots unavailable)
Stlth   +.........              (no amulet)
HPRegen 0.27/turn               k - ring of see invisible
MPRegen 0.18/turn               (no ring)

@: no status effects
A: large, unfitting armour, tough skin 1
a: Renounce Religion


You were on level 7 of the Dungeon.
You worshipped Vehumet.
Vehumet was noncommittal.
You visited 2 branches of the dungeon, and saw 8 of its levels.

You collected 463 gold pieces.

Inventory:

Hand Weapons
 w - a +2 whip of venom (weapon)
Armour
 a - a +0 robe (worn)
 C - a +1 hat (worn)
Magical Staves
 i - a staff of cold
Jewellery
 k - a ring of see invisible (left hand)
 x - an amulet of reflection
Wands
 e - a wand of acid (12)
 E - a wand of paralysis (9)
Scrolls
 b - a scroll of immolation
 f - 3 scrolls of teleportation
 m - a scroll of acquirement {unknown}
 n - 4 scrolls of vulnerability
 p - a scroll of silence {unknown}
 q - a scroll of brand weapon {unknown}
 r - 3 scrolls of holy word {unknown}
 t - a scroll of enchant armour {unknown}
 y - a scroll of torment {unknown}
 A - a scroll of amnesia {unknown}
 B - a scroll of enchant weapon {unknown}
 D - a scroll of magic mapping {unknown}
Potions
 g - 2 potions of flight
 h - a potion of brilliance {unknown}
 j - a potion of haste {unknown}
 l - 5 potions of curing
 o - a potion of might {unknown}
 s - a potion of berserk rage {unknown}
 u - 2 potions of mutation
 v - a potion of heal wounds {unknown}
 z - a potion of lignification {unknown}


   Skills:
 + Level 10.3 Fighting
 - Level 1.7 Dodging
 - Level 1.4 Stealth
 + Level 9.1 Spellcasting
 - Level 0.8 Conjurations
 - Level 4.3 Fire Magic


You had 23 spell levels left.
You knew the following spells:

 Your Spells              Type           Power      Damage    Failure   Level
a - Foxfire               Conj/Fire      76%        2x1d7     2%          1
b - Scorch                Fire           52%        2d8       1%          2

Your spell library contained the following spells:

 Spells                   Type           Power      Damage    Failure   Level
 Shock                    Conj/Air       40%        1d5       6%          1
 Conjure Flame            Conj/Fire      19%        6-21      8%          3
 Inner Flame              Hex/Fire       17%        N/A       10%         3
 Blink                    Tloc           18%        N/A       12%         2
 Summon Guardian Golem    Hex/Summ       9%         N/A       22%         3
 Swiftness                Air            9%         N/A       22%         3
 Flame Wave               Conj/Fire      19%        2d6       26%         4
 Airstrike                Air            4%         N/A       58%         4
 Animate Dead             Necr           4%         N/A       58%         4
 Borgnjor's Vile Clutch   Necr/Erth      4%         N/A       91%         5
 Manifold Assault         Tloc           9%         N/A       91%         5
 Death Channel            Necr           4%         N/A       100%        6
 Orb of Destruction       Conj           6%         9d6       100%        7
 Spellforged Servitor     Conj/Summ      5%         N/A       100%        7
 Storm Form               Tmut/Air       4%         N/A       100%        7


Dungeon Overview and Level Annotations

Branches:
Dungeon (7/15)             Temple (1/1) D:7

Altars:
Ashenzari
Cheibriados
Elyvilon
Fedhas
Gozag
Hepliaklqana
Makhleb
Sif Muna
Uskayaw
Vehumet
Xom
Yredelemnul
The Shining One

Annotations:
D:7 4 runed translucent doors


Innate Abilities, Weirdness & Mutations

You are too large for most types of armour.
You have tough skin. (AC +1)


Message History

The orc warrior hits you with a +0 long sword!
* * * LOW HITPOINT WARNING * * *
The orc warrior is no longer more vulnerable to fire.
The killer bee buzzes angrily. x2; The six-headed hydra roars!
The killer bee buzzes angrily.
The killer bee buzzes angrily.
You see here 14 stones.
Things that are here:
a +0 club; a +0 dagger; a +0 robe You flicker for a moment.
You flicker back into view.
The orc warrior attacks as you move away!
The orc warrior hits you with a +0 long sword!
* * * LOW HITPOINT WARNING * * *
The orc warrior attacks as you move away!
The orc warrior hits you with a +0 long sword.
* * * LOW HITPOINT WARNING * * *
Casting: Scorch (safe; 1% risk of failure)
Press: ? - help, Q - select action, (/) - cycle Dir - look around, f - activate Flames lash the orc warrior.
The orc warrior is severely wounded.
The orc warrior's fire resistance burns away.
The orc warrior barely misses you.
Casting: Scorch (safe; 1% risk of failure)
Press: ? - help, Q - select action, (/) - cycle Dir - look around, f - activate Flames lash the orc warrior but do no damage.
The orc warrior closely misses you.
Unknown command.
Casting: Scorch (safe; 1% risk of failure)
Press: ? - help, Q - select action, (/) - cycle Dir - look around, f - activate Flames lash the orc warrior.
The orc warrior is severely wounded.
The orc warrior barely misses you.
Unknown command.
Casting: Scorch (safe; 1% risk of failure)
Press: ? - help, Q - select action, (/) - cycle Dir - look around, f - activate Flames lash the orc warrior.
The orc warrior is severely wounded.
The orc warrior hits you with a +0 long sword!
You die...

#.#.# #.#.# #.# +.##++ ..#.#
#.#.# #.# #..... ###.# #.#.# #.#
#..### # #.# #.#.# #.## ##..#
###.# #.#.# #..######...# #...#
#.#.# #.........#####
#.###########.#.# #..#...........
#.............#.###..#.##########
###############.@o...#.# ..#
######.#.# #.# #######.#.# #.#
#.......#.# #.# #.#######.# #.#
#.# ..# ..# ### ###


You could see an orc warrior (combustible).

Vanquished Creatures
  An acid dragon (D:6)
  An orc warrior (D:7)
  3 ice beasts
  2 sky beasts (D:5)
  An ogre (D:3)
  A centaur (D:4)
  A kobold brigand (D:6)
  2 necrophages
  A scorpion (D:6)
  2 howler monkeys (D:3)
  6 hounds
  An orc priest (D:4)
  2 iguanas
  Terence (D:3)
  6 orc wizards
  22 gnolls
  6 adders
  2 shadow imps
  A white imp (D:6)
  An ufetubus (D:6)
  3 dart slugs
  41 orcs
  6 ball pythons (D:1)
  3 bats (D:1)
  12 endoplasms
  5 giant cockroaches
  8 goblins
  10 hobgoblins
  12 jackals
  5 quokkas
  4 frilled lizards
  6 kobolds
  3 rats
181 creatures vanquished.

Vanquished Creatures (others)
  65 foxfires
  2 plants (D:3)
67 creatures vanquished.

Grand Total: 248 creatures vanquished

Notes
Turn   | Place    | Note
-------+----------+-------------------------------------------
     0 | D:1      | Ajdolov the Ogre Fire Elementalist began the quest for the
                  | Orb.
     0 | D:1      | Reached XP level 1. HP: 16/16 MP: 3/3
   180 | D:1      | Reached XP level 2. HP: 16/24 MP: 5/5
   185 | D:1      | Found a faded altar of an unknown god.
  1002 | D:1      | Reached XP level 3. HP: 26/31 MP: 2/6
  2039 | D:1      | Learned a level 2 spell: Scorch
  2043 | D:2      | Reached XP level 4. HP: 33/39 MP: 4/7
  2419 | D:2      | Reached skill level 1 in Fighting
  2784 | D:3      | Found a basalt altar of Yredelemnul.
  2892 | D:3      | Found a white marble altar of Elyvilon.
  2920 | D:3      | Reached skill level 2 in Fighting
  3204 | D:3      | Found a hazy altar of Hepliaklqana.
  3220 | D:3      | Reached XP level 5. HP: 48/49 MP: 5/9
  3482 | D:3      | Found an opulent altar of Gozag.
  3599 | D:3      | Reached skill level 3 in Fighting
  3865 | D:3      | Reached skill level 4 in Fighting
  3865 | D:3      | Reached XP level 6. HP: 62/62 MP: 7/12
  4386 | D:3      | Reached skill level 5 in Fighting
  4386 | D:3      | Reached skill level 5 in Spellcasting
  4495 | D:3      | Reached XP level 7. HP: 65/72 MP: 5/14
  5134 | D:3      | Reached skill level 6 in Fighting
  5239 | D:3      | Noticed Terence
  5249 | D:3      | Killed Terence
  5601 | D:3      | Found a snail-covered altar of Cheibriados.
  6505 | D:4      | Found a broken altar of Ashenzari.
  6696 | D:4      | Reached skill level 7 in Fighting
  6696 | D:4      | Reached XP level 8. HP: 39/87 MP: 12/17
  7306 | D:5      | Entered Level 5 of the Dungeon
  7590 | D:5      | Reached skill level 8 in Fighting
  8484 | D:6      | Reached skill level 9 in Fighting
  9019 | D:6      | Reached XP level 9. HP: 21/101 MP: 2/21
  9039 | D:6      | HP: 5/101 [shadow imp (5)]
  9043 | D:6      | HP: 1/101 [shadow imp (2)]
  9919 | D:7      | Reached skill level 10 in Fighting
 10028 | D:7      | Found a staircase to the Ecumenical Temple.
 10045 | Temple   | Entered the Ecumenical Temple
 10063 | Temple   | Became a worshipper of Vehumet
 10519 | D:7      | Found a large runed translucent door.
 10519 | D:7      | Found a large runed translucent door.
 10521 | D:7      | Noticed a six-headed hydra
 10527 | D:7      | Noticed a kobold demonologist
 10543 | D:7      | Found a large runed translucent door.
 10543 | D:7      | Found a large runed translucent door.
 10606 | D:7      | HP: 5/102 [orc warrior/+0 long sword (11)]
 10607 | D:7      | HP: 1/102 [orc warrior/+0 long sword (5)]
 10611 | D:7      | Mangled by an orc warrior

Illustrated notes

Levels and vault maps discovered:
D:1:      minmay_arrival_loop, layout_basic, chequers_ecumenical_altar_island
D:2:      layout_rooms
D:3:      lemuel_castle_with_subvaults [lemuel_castle_interior_original],
          layout_rooms, mainiacjoe_overflow_alcove_2,
          mainiacjoe_overflow_small_starburst,
          mainiacjoe_overflow_surrounded_room, grunt_temple_overflow_open,
          uniq_terence
D:4:      layout_cave_pods, ashenzari_conservatory_becter
D:5:      layout_basic, kennysheep_cross_bottleneck
D:6:      layout_basic
D:7:      layout_basic, zin_scriptorium, minmay_temple_entry_ruins,
          minmay_hollow_rounded_squares
Temple:   compressed_dpeg_triangle_lava_temple

Skill      XL: |  1  2  3  4  5  6  7  8  9 |
---------------+----------------------------+-----
Fire Magic     | 3 4 |  4.3
Fighting       | 2 4 5 7 9 10 | 10.3
Spellcasting   | 3 4 5 6 8 9 |  9.1
Dodging        | |  1.7
Stealth        | |  1.4
Conjurations   | |  0.8

Action                   |  1- 3 |  4- 6 |  7- 9 || total
-------------------------+-------+-------+-------++-------
Melee: Short sword       |    48 |       |       ||    48
       Unarmed           |     7 |       |       ||     7
       Dagger            |    62 |    42 |       ||   104
       Punch             |     1 |       |       ||     1
       Whip              |       |       |    41 ||    41
 Cast: Foxfire           |    47 |       |       ||    47
       Scorch            |     1 |    82 |   182 ||   265
  Use: Potion            |       |     1 |     2 ||     3
       Scroll            |       |       |     5 ||     5
 Stab: Sleeping          |     1 |       |       ||     1
Armor: Robe              |    66 |    22 |    17 ||   105
Dodge: Dodged            |    97 |    55 |    55 ||   207

Table legend: (Time is in decaauts)
 A = Elapsed time spent in this place.
 B = Non-inter-level travel time spent in this place.
 C = Inter-level travel time spent in this place.
 D = Time resting spent in this place.
 E = Time spent auto-exploring this place.
 F = Levels seen in this place.
 G = Mean time per level.
                   A        B        C        D        E       F      G
               +--------+--------+--------+--------+--------+-----+--------+
         Total |  10637 |  10435 |    202 |   1624 |   7104 |   8 | 1329.6 |
       Dungeon |  10600 |  10415 |    185 |   1624 |   7096 |   7 | 1514.3 |
        Temple |     36 |     19 |     17 |      0 |      8 |   1 |   36.0 |
               +--------+--------+--------+--------+--------+-----+--------+

Top non-repeatable levels by time:
     D:3: 3116 daAuts
     D:1: 2067 daAuts
     D:6: 1528 daAuts
     D:4: 1412 daAuts
     D:5: 982 daAuts
     D:7: 757 daAuts
     D:2: 735 daAuts
  Temple: 36 daAuts
